 Dungeon Crawl Stone Soup version 0.23.2-1-ga50397a (webtiles) character file.

Game seed: 3319664984271885744

37169 MalarOregon the Spear-Bearer (level 13, -1/109 HPs)
             Began as a Merfolk Gladiator on May 20, 2019.
             Was an Elder of Zin.
             Killed from afar by a starcursed mass (9 damage)
             ... with an accursed screaming
             ... on level 2 of the Abyss.
             The game lasted 00:46:13 (21762 turns).

MalarOregon the Spear-Bearer (Merfolk Gladiator)   Turns: 21762, Time: 00:46:14

Health: -1/109     AC: 23    Str: 18    XL:     13   Next: 95%
Magic:  17/17      EV:  7    Int:  9    God:    Zin [****..]
Gold:   837        SH: 11    Dex: 15    Spells: 12/12 levels left

rFire    . . .     SeeInvis .   a - +1 trident
rCold    + . .     Gourm    .   h - +0 buckler
rNeg     . . .     Faith    .   H - +0 plate armour
rPois    +         Spirit   .   M - +0 helmet
rElec    .         Reflect  +   J - +2 cloak {+Inv}
rCorr    .         Harm     .   l - +0 pair of gloves
MR       .....                  (no boots)
Stlth    ..........             N - amulet of Xom's Malicious Joy {Reflect rC+ SH+6}
HPRegen  0.00/turn              y - +3 ring of protection
MPRegen  0.15/turn              v - ring of poison resistance

@: about to teleport, non-regenerating, diseased, lightly drained
A: change form in water, swift swim, stealthy swim
a: Recite, Vitalisation, Imprison, Donate Gold, Renounce Religion, Evoke
Invisibility


You were on level 2 of the Abyss.
You worshipped Zin.
Zin was greatly pleased with you.
You were not hungry.

You visited 3 branches of the dungeon, and saw 16 of its levels.
You visited the Abyss 1 time.
You also visited: Bailey.

You collected 930 gold pieces.
You donated 93 gold pieces to Zin.

Inventory:

Hand Weapons
 a - a +1 trident (weapon)
Missiles
 i - 31 tomahawks of returning (quivered)
 B - 3 poisoned tomahawks
 C - a throwing net {!f}
Armour
 b - a +0 pair of boots
   (You found it on level 2 of the Abyss)
 h - a +0 buckler (worn)
   (You took it off a tengu conjurer on level 10 of the Dungeon)
 l - a +0 pair of gloves (worn)
   (You found it on level 5 of the Dungeon)
 H - a +0 plate armour (worn)
   (You took it off an orc warrior on level 9 of the Dungeon)
 J - a +2 cloak of invisibility (worn)
   (You found it on level 9 of the Dungeon)
 M - a +0 helmet (worn)
Jewellery
 o - an uncursed ring of protection from cold
   (You found it on level 3 of the Dungeon)
 v - a ring of poison resistance (right hand)
   (You found it on level 6 of the Dungeon)
 y - a +3 ring of protection (left hand)
   (You found it on level 7 of the Dungeon)
 z - an uncursed ring of see invisible
   (You found it on level 4 of the Lair of Beasts)
 N - the amulet of Xom's Malicious Joy (around neck) {Reflect rC+ SH+6}
   (You took it off a centaur warrior on level 9 of the Dungeon)

   [amulet of reflection]

   It shields you and reflects attacks.
   It protects you from cold.
   It affects your SH (+6).
Wands
 c - a wand of disintegration (22)
   (You found it on level 9 of the Dungeon)
 d - a wand of iceblast (11)
   (You found it on level 4 of the Lair of Beasts)
 k - a wand of enslavement (4)
   (You took it off a goblin on level 7 of the Dungeon)
 u - a wand of paralysis (8)
   (You took it off Harold on level 7 of the Dungeon)
 x - a wand of acid (5)
   (You found it on level 9 of the Dungeon)
 D - a wand of polymorph (5)
   (You took it off a goblin on level 7 of the Dungeon)
 P - a wand of scattershot (2)
   (You took it off a deep elf mage on level 10 of the Dungeon)
Scrolls
 f - 4 scrolls of identify {@r1}
 j - a scroll of magic mapping
 p - 7 scrolls of teleportation {@r4}
 w - 3 scrolls of fog
 E - 5 scrolls of enchant weapon
 I - 3 scrolls of remove curse {@r2}
 O - a scroll of immolation {!r}
Potions
 g - 2 potions of flight
 m - 2 potions of brilliance
 n - 2 potions of berserk rage
 q - a potion of agility
 r - 2 potions of haste {@q3}
 s - 2 potions of might
 t - 10 potions of curing {@q1}
 A - 3 potions of resistance
 G - 2 potions of heal wounds {@q2}
 S - a potion of cancellation
Miscellaneous
 K - 2 sacks of spiders
 L - a lightning rod (4/4) {!a}
   (You found it on level 9 of the Dungeon)
 R - a fan of gales
   (You found it on level 3 of the Lair of Beasts)
Comestibles
 e - 15 rations {!d}


   Skills:
 + Level 12.7(12.2) Fighting
 - Level 14.0(13.5) Polearms
 + Level 11.7(11.2) Throwing
 + Level 9.1(8.6) Armour
 - Level 4.0(3.6) Dodging
 - Level 4.0(3.6) Shields
 + Level 6.6(6.1) Evocations


You had 12 spell levels left.
You didn't know any spells.
Your spell library contained the following spells:

 Spells                   Type           Power        Failure   Level  Hunger
 Animate Skeleton         Necr           N/A          100%        1    ##.....
 Confusing Touch          Hex            #.....       100%        1    ##.....
 Freeze                   Ice            #...         100%        1    ##.....
 Magic Dart               Conj           #...         100%        1    ##.....
 Pain                     Necr           #...         100%        1    ##.....
 Sting                    Conj/Pois      #...         100%        1    ##.....
 Blink                    Tloc           N/A          100%        2    ###....
 Call Imp                 Summ           #.......     100%        2    ###....
 Poisonous Vapours        Pois/Air       #.....       100%        2    ###....
 Slow                     Hex            #.......     100%        2    ###....
 Throw Frost              Conj/Ice       #.....       100%        2    ###....
 Confuse                  Hex            #.......     100%        3    ####...
 Conjure Flame            Conj/Fire      #.......     100%        3    ####...
 Gell's Gravitas          Tloc           #.........   100%        3    ####...
 Mephitic Cloud           Conj/Pois/Air  #.......     100%        3    ####...
 Ozocubu's Armour         Chrm/Ice       #.......     100%        3    ####...
 Regeneration             Chrm/Necr      #.........   100%        3    ####...
 Vampiric Draining        Necr           #.........   100%        3    ####...
 Animate Dead             Necr           N/A          100%        4    #####..
 Olgreb's Toxic Radiance  Pois           #.......     100%        4    #####..
 Petrify                  Tmut/Erth      #.......     100%        4    #####..
 Summon Ice Beast         Ice/Summ       #.......     100%        4    #####..
 Throw Icicle             Conj/Ice       #.......     100%        4    #####..
 Metabolic Englaciation   Hex/Ice        #.........   100%        5    ######.
 Venom Bolt               Conj/Pois      #.........   100%        5    ######.
 Yara's Violent Unravell  Hex/Tmut       #.........   100%        5    ######.
 Freezing Cloud           Conj/Ice/Air   #.........   100%        6    #######
 Ring of Flames           Chrm/Fire      #.........   100%        7    #######


Dungeon Overview and Level Annotations

Branches:
Dungeon (10/15)            Temple (1/1) D:7            Lair (5/6) D:10
  Swamp (0/4) Lair:2       Spider (0/4) Lair:2          Orc (0/2) D:9
  Slime: Lair:5-6

Altars:
Ashenzari
Cheibriados
Dithmenos
Elyvilon
Fedhas
Gozag
Hepliaklqana
Kikubaaqudgha
Makhleb
Nemelex Xobeh
Okawaru
Qazlal
Ru
Sif Muna
Trog
Uskayaw
Vehumet
Wu Jian
Xom
Yredelemnul
Zin
The Shining One

Shops:
D:4 :

Annotations:
Lair:5 Josephine


Message History

The ancient zyme hits you.
You puncture the ancient zyme! A chorus of shrieks assaults your mind.
* * * LOW HITPOINT WARNING * * *
The ancient zyme hits you but does no damage.
The ancient zyme hits you.
* * * LOW HITPOINT WARNING * * *
You puncture the ancient zyme!
You destroy the ancient zyme!
Zin accepts your kill. A chorus of shrieks assaults your mind.
* * * LOW HITPOINT WARNING * * *
The glowing orange brain blinks!
You hit the starcursed mass.
The starcursed mass shudders and is absorbed by its neighbour.
A starcursed mass splits. 2 flying skulls come into view.
The flying skull gives a hideous shriek! x2
The starcursed mass completely misses you.
A deafening chorus of shrieks assaults your mind!
* * * LOW HITPOINT WARNING * * *
The starcursed mass engulfs you!
* * * LOW HITPOINT WARNING * * *
A starcursed mass splits.
A deafening chorus of shrieks assaults your mind!
* * * LOW HITPOINT WARNING * * *
Unknown command.
You clear your throat and prepare to recite. "To the devout, Zin provideth.
From the rest..."
You hear a hideous shriek!
You hear a shout!
You block the starcursed mass's attack. "...ye legions of the damned, ye guilty..."
A flying skull comes into view. "...of blasphemy, Zin taketh."
You finish reciting Anathema 5:31. "Thus shall it ever be."
The starcursed mass shrieks in your mind.
* * * LOW HITPOINT WARNING * * *
You feel much better.
The starcursed mass shrieks in your mind.
* * * LOW HITPOINT WARNING * * *
A small abomination comes into view.
As you read the scroll of teleportation {@r4}, it crumbles to dust.
You feel strangely unstable.
You feel the power of the Abyss delaying your translocation!
The starcursed mass shrieks in your mind.
* * * LOW HITPOINT WARNING * * *
The small abomination hits you!
* * * LOW HITPOINT WARNING * * *
A chorus of shrieks assaults your mind.
You die...

# #....... . ..
.... ..... # ..
...... #.. ......
. .. ......... .
# .. ... ....# .
###. ####.### ##
.# . . ###
###..x#. .# #
G..#. #...@### #
# .
#.X###.######## .
. .#.XX........ .
##
.#zXz###########.
...z.. . . .....
. ...#... . ....#
.. ...... #


You could see 2 starcursed masses and a small abomination.

Vanquished Creatures
  Gastronok (D:9)
  Snorg (Lair:3)
  4 hydras
  Harold (D:7)
  A centaur warrior (D:9)
  A catoblepas (Lair:2)
  A two-headed ogre (D:9)
  2 unseen horrors (D:10)
  Pikel (D:3)
  An orc knight (Bailey)
  A manticore (D:9)
  A deep elf mage (D:10)
  12 elephants
  A black mamba (Lair:2)
  Joseph (D:7)
  Psyche (D:9)
  A torpor snail (Lair:4)
  A gargoyle (D:10)
  6 spiny frogs
  A rime drake (Lair:3)
  A tengu conjurer (D:10)
  10 komodo dragons
  An ancient zyme (Abyss:2)
  An efreet (D:9)
  A troll (D:9)
  Prince Ribbit (D:7)
  A tyrant leech (Lair:2)
  7 blink frogs
  7 dream sheep (Lair:4)
  4 hippogriffs
  A spriggan (D:10)
  2 wyverns
  7 yaks
  A fire bat (D:9)
  4 wraiths (Lair:5)
  A basilisk (Lair:4)
  A killer bee (D:8)
  4 vampire mosquitoes (D:10)
  A steam dragon (D:9)
  Edmund (D:3)
  2 swamp worms (Lair:2)
  11 porcupines
  8 water moccasins
  A slave (D:4)
  6 orc warriors
  3 ice beasts
  3 sky beasts
  2 hornet zombies
  2 phantoms
  2 black bears
  3 ogres
  A necrophage (D:8)
  2 centaurs (D:7)
  3 big kobolds
  7 crocodiles
  16 bullfrogs
  A scorpion (D:8)
  3 howler monkeys
  An electric eel (Lair:1)
  6 crimson imps
  A bullfrog zombie (D:8)
  2 centaur zombies
  4 hounds
  3 orc priests
  3 jellies
  8 orc wizards
  Natasha (thrice) (D:4)
  6 iguanas
  10 worker ants
  A hound zombie (D:6)
  3 hound skeletons
  A howler monkey skeleton (D:9)
  6 gnolls
  12 adders
  2 shadow imps
  2 oozes
  An adder skeleton (D:7)
  2 worms
  A dart slug (D:2)
  5 leopard geckos
  30 orcs
  3 giant cockroaches
  22 goblins
  8 hobgoblins
  16 jackals
  31 kobolds
  5 quokkas
  A ball python (D:6)
  9 bats
  6 frilled lizards
  A leopard gecko skeleton (D:2)
  A quokka skeleton (D:6)
  A quokka zombie (D:7)
  4 rats
  2 fungi (Lair:4)
396 creatures vanquished.

Vanquished Creatures (collateral kills)
  A two-headed ogre (D:8)
1 creature vanquished.

Vanquished Creatures (others)
  2 kobolds (Bailey)
2 creatures vanquished.

Grand Total: 399 creatures vanquished

Notes
Turn   | Place    | Note
-------+----------+-------------------------------------------
     0 | D:1      | MalarOregon the Merfolk Gladiator began the quest for the
                  | Orb.
     0 | D:1      | Reached XP level 1. HP: 16/16 MP: 1/1
    67 | D:1      | Reached XP level 2. HP: 20/23 MP: 2/2
   782 | D:2      | Reached XP level 3. HP: 28/28 MP: 3/3
  1007 | D:2      | Reached skill level 5 in Polearms
  1026 | D:2      | Reached skill level 1 in Armour
  1266 | D:2      | Reached XP level 4. HP: 33/34 MP: 4/4
  1267 | D:2      | Found a faded altar of an unknown god.
  1786 | D:3      | Noticed a black bear
  1814 | D:3      | Reached XP level 5. HP: 29/41 MP: 5/5
  1818 | D:3      | Killed a black bear
  2119 | D:3      | Reached skill level 6 in Polearms
  2235 | D:3      | Reached XP level 6. HP: 47/48 MP: 6/6
  2645 | D:4      | Noticed Edmund
  2913 | D:4      | Noticed a slave
  2913 | D:4      | Noticed a slave
  2955 | D:4      | Killed a slave
  3032 | D:4      | Noticed Pikel
  3040 | D:4      | Noticed a slave
  3041 | D:4      | Noticed a slave
  3067 | D:4      | Noticed Natasha
  3694 | D:3      | HP: 1/48 [Edmund/+2 flail of draining (2)]
  4344 | D:4      | Killed Natasha
  4396 | D:4      | Noticed Natasha
  4408 | D:4      | Killed Natasha
  4627 | D:3      | Killed Pikel
  4627 | D:3      | Reached skill level 5 in Fighting
  4627 | D:3      | Reached skill level 7 in Polearms
  4627 | D:3      | Reached XP level 7. HP: 26/56 MP: 7/7
  4627 | D:3      | Reached XP level 8. HP: 29/62 MP: 8/8
  4867 | D:4      | Found Cinaol's Book Shoppe.
  4948 | D:4      | Noticed Natasha
  4962 | D:4      | Killed Natasha
  5174 | D:5      | Entered Level 5 of the Dungeon
  5392 | D:5      | Reached skill level 8 in Polearms
  5392 | D:5      | Reached skill level 5 in Throwing
  6138 | D:3      | Killed Edmund
  6356 | D:6      | Reached skill level 9 in Polearms
  6458 | D:6      | Reached XP level 9. HP: 50/71 MP: 9/9
  7603 | D:7      | Found a staircase to the Ecumenical Temple.
  7652 | D:7      | Found an iron altar of Okawaru.
  7773 | D:7      | Reached skill level 10 in Polearms
  7831 | D:7      | Noticed Prince Ribbit
  7843 | D:7      | Found a flagged portal.
  7855 | Bailey   | Entered a bailey
  8249 | Bailey   | Noticed an orc knight
  8334 | Bailey   | Reached skill level 5 in Armour
  8471 | Bailey   | Killed an orc knight
  8471 | Bailey   | Reached XP level 10. HP: 37/80 MP: 10/10
  8739 | D:7      | Noticed Joseph
  8849 | D:7      | Noticed Harold
  8883 | D:7      | Killed Harold
  8883 | D:7      | Reached skill level 11 in Polearms
  8904 | D:7      | Killed Joseph
  8910 | D:7      | Killed Prince Ribbit
 10179 | D:9      | Noticed Gastronok
 10214 | D:9      | Killed Gastronok
 10214 | D:9      | Reached skill level 12 in Polearms
 10214 | D:9      | Reached XP level 11. HP: 28/89 MP: 11/11
 10722 | D:9      | Identified the amulet of Xom's Malicious Joy {Reflect rC+
                  | SH+6}
 10722 | D:9      | Noticed a centaur warrior
 10823 | D:9      | Noticed Psyche
 10831 | D:9      | Killed Psyche
 11089 | D:9      | Noticed a two-headed ogre
 11134 | D:8      | Killed a two-headed ogre
 11643 | D:9      | Reached skill level 10 in Fighting
 11716 | D:9      | Found a staircase to the Orcish Mines.
 11742 | D:9      | Noticed Maurice
 11768 | D:9      | Noticed Maurice
 11768 | D:9      | Maurice changed into Maurice the fire bat
 11776 | D:9      | Killed Maurice the fire bat
 11776 | D:9      | Reached skill level 13 in Polearms
 12004 | D:9      | Killed a centaur warrior
 12082 | D:9      | Noticed a manticore
 12098 | D:9      | Killed a manticore
 12310 | D:9      | Noticed a two-headed ogre
 12315 | D:9      | Killed a two-headed ogre
 12352 | D:9      | Found a hide-covered altar of Uskayaw.
 12354 | D:9      | Noticed a +0 dagger
 12355 | D:9      | Noticed a +0 dagger
 12550 | D:10     | Entered Level 10 of the Dungeon
 12691 | D:10     | Noticed a deep elf mage
 12737 | D:10     | Found a staircase to the Lair.
 12883 | D:10     | Found an opulent altar of Gozag.
 12951 | D:10     | Reached skill level 1 in Shields
 12972 | D:10     | Reached XP level 12. HP: 78/98 MP: 12/12
 13351 | Temple   | Entered the Ecumenical Temple
 14022 | Temple   | Became a worshipper of Zin the Law-Giver
 14022 | Temple   | Reached * piety under Zin
 14022 | Temple   | Reached ** piety under Zin
 14340 | D:10     | Reached *** piety under Zin
 14824 | Lair:1   | Entered Level 1 of the Lair of Beasts
 15459 | Lair:1   | Reached skill level 10 in Throwing
 15495 | Lair:1   | Reached skill level 1 in Evocations
 15962 | Lair:2   | Reached skill level 14 in Polearms
 16089 | Lair:2   | Noticed an eight-headed hydra
 16103 | Lair:2   | Killed an eight-headed hydra
 16638 | Lair:2   | Found a staircase to the Swamp.
 16645 | Lair:2   | Noticed a five-headed hydra
 16660 | Lair:2   | Killed a five-headed hydra
 17133 | Lair:2   | Noticed a catoblepas
 17145 | Lair:2   | Killed a catoblepas
 17421 | Lair:2   | Found a hole to the Spider Nest.
 17986 | Lair:3   | HP: 4/100 [spiny frog (12)]
 18398 | Lair:3   | You fall through a shaft!
 18722 | Lair:4   | Reached XP level 13. HP: 106/106 MP: 14/16
 19283 | Lair:3   | Reached skill level 5 in Evocations
 19393 | Lair:3   | Reached **** piety under Zin
 19596 | Lair:3   | Noticed Snorg
 19612 | Lair:3   | Killed Snorg
 20178 | Lair:3   | Found a white marble altar of Elyvilon.
 21661 | Lair:5   | Noticed Josephine
 21678 | Lair:5   | Cast into level 2 of the Abyss (Josephine)
 21709 | Abyss:2  | Noticed a starcursed mass
 21758 | Abyss:2  | HP: 2/109 [starcursed mass/accursed screaming (8)]
 21762 | Abyss:2  | Killed from afar by a starcursed mass

Skill      XL: |  1  2  3  4  5  6  7  8  9 10 11 12 13 |
---------------+----------------------------------------+-----
Polearms       | 5 6 7 9 10 12 13 14 | 14.0
Armour         | 1 3 4 5 6 7 8 9 |  9.1
Fighting       | 3 5 6 8 9 10 11 12 | 12.7
Throwing       | 3 4 5 7 8 9 10 11 | 11.7
Shields        | 1 4 |  4.0
Evocations     | 4 6 |  6.6
Dodging        | |  4.0

Action                   |  1- 3 |  4- 6 |  7- 9 | 10-12 | 13-15 || total
-------------------------+-------+-------+-------+-------+-------++-------
Melee: Trident           |   139 |   333 |   554 |   786 |    54 ||  1866
       Tailslap          |       |       |    10 |       |       ||    10
Throw: Tomahawk          |       |       |       |   150 |   331 ||   481
       Throwing net      |       |       |       |     3 |       ||     3
       Javelin           |       |       |       |    92 |    59 ||   151
Invok: Vitalisation      |       |       |       |     1 |       ||     1
       Donate Gold       |       |       |       |     1 |       ||     1
       Recite            |       |       |       |       |     3 ||     3
Evoke: Wand              |       |       |       |     9 |     2 ||    11
       Lightning rod     |       |       |       |     2 |     2 ||     4
  Use: Scroll            |       |    10 |     6 |     4 |     9 ||    29
       Potion            |       |     6 |       |     6 |     3 ||    15
 Stab: Held in net/web   |       |       |       |     2 |       ||     2
       Paralysed         |       |       |       |     3 |       ||     3
       Distracted        |       |       |       |     1 |       ||     1
  Eat: Chunk             |     1 |     7 |     6 |    26 |     9 ||    49
       Ration            |       |     1 |     2 |     2 |       ||     5
Armor: Ring mail         |    45 |    99 |    29 |       |       ||   173
       Chain mail        |       |       |   192 |   298 |       ||   490
       Plate armour      |       |       |       |    40 |   172 ||   212
Dodge: Dodged            |    88 |   198 |   178 |   212 |   102 ||   778
Block: Other             |       |    25 |    47 |    30 |       ||   102
       Reflection        |       |     1 |     9 |     6 |       ||    16
       Buckler           |       |       |       |   107 |   127 ||   234
